 Dungeon Crawl Stone Soup version 0.30-a0-4-ga7cffc901d (webtiles) character file.

Game seed: 14507964254252266639

260 Setbun the Slicer (level 6, -1/35 HPs)
             Began as a Kobold Brigand on Aug 21, 2022.
             Slain by a goblin
             ... wielding a +0 club
             ... led by Robin
              (4 damage)
             ... on level 4 of the Dungeon.
             The game lasted 00:02:44 (2433 turns).

Setbun the Slicer (Kobold Brigand)                  Turns: 2433, Time: 00:02:44

Health: -1/35      AC:  3    Str:  8    XL:     6   Next: 41%
Magic:  6/6        EV: 14    Int: 13    God:
Gold:   213        SH:  0    Dex: 18    Spells: 5/5 levels left

rFire   . . .      SeeInvis .    o - +2 dagger (elec)
rCold   . . .      Faith    .    (no shield)
rNeg    . . .      Spirit   .    b - +0 robe
rPois   .          Reflect  .    (no helmet)
rElec   .          Harm     .    c - +0 cloak
rCorr   .          Rampage  .    (no gloves)
Will    .....                    (no boots)
Stlth   ++++......               l - amulet of the acrobat
HPRegen 0.11/turn                (no ring)
MPRegen 0.10/turn                (no ring)

@: no status effects
A: small, no large weapons, nightstalker 3
a: no special abilities


You were on level 4 of the Dungeon.
You visited 1 branch of the dungeon, and saw 4 of its levels.
You also visited: Sewer.

You collected 213 gold pieces.

Inventory:

Hand Weapons
 a - a +2 dagger
 o - a +2 dagger of electrocution (weapon)
 p - a +0 dagger
Missiles
 d - 9 poisoned darts (quivered)
 e - 3 curare-tipped darts
Armour
 b - a +0 robe (worn)
 c - a +0 cloak (worn)
 q - a +0 helmet
Jewellery
 l - an amulet of the acrobat (around neck)
Scrolls
 f - 2 scrolls of identify
 j - a scroll of silence
 n - 2 scrolls of teleportation {unknown}
 r - 3 scrolls of butterflies {unknown}
 s - a scroll of enchant weapon {unknown}
Potions
 g - a potion of cancellation {unknown}
 h - a potion of might {unknown}
 i - a potion of heal wounds {unknown}
 k - 2 potions of mutation {unknown}
 m - a potion of curing {unknown}


   Skills:
 - Level 2.1 Fighting
 + Level 8.3 Short Blades
 - Level 2.1 Throwing
 - Level 1.2 Dodging
 - Level 5.3 Stealth


You had 5 spell levels left.
You didn't know any spells.
Your spell library was empty.

Dungeon Overview and Level Annotations

Branches:
Dungeon (4/15)              Sewer (visited)
 Temple: D:4-7

Altars:
Trog

Shops:
D:1 !


Innate Abilities, Weirdness & Mutations

You are small and have problems with some larger weapons.
You are completely attuned to the shadows.


Message History

You kill the hobgoblin!
You hit the hobgoblin.
The hobgoblin is lightly wounded.
You hit the hobgoblin but do no damage.
The hobgoblin is lightly wounded.
The hobgoblin attacks as you move away! The hobgoblin hits you.
* * * LOW HITPOINT WARNING * * *
You hit the hobgoblin.
The hobgoblin is almost dead.
You barely miss the hobgoblin.
The hobgoblin is almost dead.
You closely miss the hobgoblin.
The hobgoblin is almost dead.
The hobgoblin closely misses you. The goblin hits you but does no damage.
You hit the hobgoblin.
You kill the hobgoblin!
You see here a hobgoblin corpse.
You completely miss the goblin. The goblin hits you with a +0 club.
* * * LOW HITPOINT WARNING * * *
You closely miss the goblin. The hobgoblin attacks as you move away!
The hobgoblin misses you. The goblin attacks as you move away!
The goblin hits you but does no damage.
You hit the hobgoblin but do no damage.
The goblin no longer looks unusually strong.
The hobgoblin closely misses you.
You hit the hobgoblin.
The hobgoblin is lightly wounded.
The hobgoblin hits you but does no damage.
You closely miss the hobgoblin.
The hobgoblin is lightly wounded.
You hit the hobgoblin.
The hobgoblin is heavily wounded.
You hit the hobgoblin.
The hobgoblin is severely wounded.
You hit the hobgoblin.
The hobgoblin is almost dead.
The hobgoblin hits you.
* * * LOW HITPOINT WARNING * * *
The goblin hits you with a +0 club.
You die...

*,#~~~~~~~~ **,#~~~####~
*,,##~##~~##
***,,,#~#~~.~#
*#.**,,#~#~~~~#
*#..,,,##~##~~## ***
###......#~~~#~~#~ ***,*
##........#~~~#~~†~
*,,,**#.@###....##~######
*,,,,,#.gg.#g).###.#*,..#
*,,,,...##.#...##..#*##..
*,,,.....#.))..#...###..#
***,..>........##..##...#
***,...###....####......#
*,,,.....##...#.###.##..#
**,,......###........#...
*,,,####..# ###.......#..


You could see a hobgoblin and a goblin.

Vanquished Creatures
  Pargi (Sewer)
  An orc priest (D:3)
  An orc wizard (D:3)
  Robin (D:4)
  A river rat (D:4)
  2 adders
  A dart slug (D:1)
  3 orcs (D:3)
  5 endoplasms
  6 giant cockroaches
  6 goblins
  6 hobgoblins
  3 jackals (D:1)
  6 quokkas
  3 ball pythons
  2 bats
  5 frilled lizards
  7 kobolds
  7 rats
67 creatures vanquished.

Notes
Turn   | Place    | Note
-------+----------+-------------------------------------------
     0 | D:1      | Setbun the Kobold Brigand began the quest for the Orb.
     0 | D:1      | Reached XP level 1. HP: 12/12 MP: 1/1
    22 | D:1      | Reached skill level 3 in Short Blades
   106 | D:1      | Reached XP level 2. HP: 17/17 MP: 2/2
   244 | D:1      | Reached skill level 4 in Short Blades
   466 | D:1      | Found Xaurroug's Distillery.
   765 | D:1      | Found a faded altar of an unknown god.
   921 | D:2      | Reached XP level 3. HP: 21/21 MP: 3/3
  1087 | D:2      | Reached skill level 5 in Short Blades
  1428 | D:3      | Reached XP level 4. HP: 13/26 MP: 4/4
  1441 | D:3      | Reached skill level 6 in Short Blades
  1441 | D:3      | Reached XP level 5. HP: 4/30 MP: 5/5
  2086 | D:3      | You fall into a shaft and drop 1 floor!
  2098 | D:4      | Found a bloodstained altar of Trog.
  2234 | D:4      | Reached skill level 7 in Short Blades
  2245 | D:4      | Found a glowing drain.
  2254 | Sewer    | Entered a sewer
  2285 | Sewer    | Noticed Pargi
  2289 | Sewer    | Killed Pargi
  2290 | Sewer    | Reached skill level 8 in Short Blades
  2290 | Sewer    | Reached XP level 6. HP: 35/35 MP: 6/6
  2397 | D:4      | Noticed Robin
  2413 | D:4      | Killed Robin
  2433 | D:4      | Slain by a goblin

Illustrated notes

Levels and vault maps discovered:
D:1:      dpeg_arrival_simpleton_b, layout_loops_ring, serial_shops,
          nicolae_shop_crystal, shapermc_ecumenical_altar_hornbeckon,
          minmay_tripent
D:2:      layout_rooms
D:3:      minmay_octagon_keep, layout_loops_ring, minmay_pentangle
D:4:      layout_cave_pools, trog_three_pillars_becter, gup_sewer_entry_bubbles,
          uniq_edmund, uniq_robin, uniq_pikel

Skill      XL: |  1  2  3  4  5 |
---------------+----------------+-----
Short Blades   | 3 4 5 6 8 |  8.3
Fighting       | |  2.1
Throwing       | |  2.1
Dodging        | |  1.2
Stealth        | |  5.3

Action                   |  1- 3 |  4- 6 || total
-------------------------+-------+-------++-------
Melee: Dagger            |    72 |   107 ||   179
       Punch             |       |     2 ||     2
  Use: Scroll            |       |     3 ||     3
 Stab: Sleeping          |    20 |     6 ||    26
Armor: Robe              |     9 |     9 ||    18
Dodge: Dodged            |    23 |    54 ||    77

Table legend: (Time is in decaauts)
 A = Elapsed time spent in this place.
 B = Non-inter-level travel time spent in this place.
 C = Inter-level travel time spent in this place.
 D = Time resting spent in this place.
 E = Time spent auto-exploring this place.
 F = Levels seen in this place.
 G = Mean time per level.
                   A        B        C        D        E       F      G
               +--------+--------+--------+--------+--------+-----+--------+
         Total |   2445 |   2391 |     54 |    251 |   1695 |   5 |  489.0 |
       Dungeon |   2329 |   2275 |     54 |    251 |   1665 |   4 |  582.2 |
         Sewer |    116 |    116 |      0 |      0 |     29 |   1 |  116.0 |
               +--------+--------+--------+--------+--------+-----+--------+

Top non-repeatable levels by time:
     D:1: 826 daAuts
     D:3: 688 daAuts
     D:2: 555 daAuts
     D:4: 258 daAuts
   Sewer: 116 daAuts
